 Dungeon Crawl Stone Soup version 0.27-a0-684-g359e429f13 (webtiles) character file.

Game seed: 6908757444597555837

61 ReteAZ the Firebug (level 3, -6/26 HPs)
             Began as a Demigod Fire Elementalist on Mar 20, 2021.
             Mangled by Ijyb
             ... wielding a +0 dagger
              (7 damage)
             ... on level 3 of the Dungeon.
             The game lasted 00:03:25 (2536 turns).

ReteAZ the Firebug (Demigod Fire Elementalist)      Turns: 2536, Time: 00:03:26

Health: -6/26      AC:  2    Str:  9    XL:     3   Next: 58%
Magic:  9/9        EV: 11    Int: 21    God:
Gold:   69         SH:  0    Dex: 14    Spells: 5/6 levels left

rFire    . . .     SeeInvis .   c - +0 short sword
rCold    . . .     Faith    .   e - +0 buckler
rNeg     . . .     Spirit   .   a - +0 robe
rPois    .         Reflect  .   (no helmet)
rElec    .         Harm     .   (no cloak)
rCorr    .         Rampage  .   (no gloves)
Will     .....                  (no boots)
Stlth    +.........             (no amulet)
HPRegen  0.08/turn              (no ring)
MPRegen  0.11/turn              (no ring)

@: confused
A: high mp 1, forlorn
a: no special abilities


You were on level 3 of the Dungeon.
You visited 1 branch of the dungeon, and saw 3 of its levels.

You collected 69 gold pieces.

Inventory:

Hand Weapons
 c - a +0 short sword (weapon)
Armour
 a - a +0 robe (worn)
 e - a +0 buckler (worn)
Scrolls
 b - 4 scrolls of identify {unknown}
 d - a scroll of fog {unknown}
 f - 3 scrolls of torment {unknown}


   Skills:
 - Level 1.7 Dodging
 - Level 1.7 Stealth
 + Level 0.4 Shields
 + Level 2.3 Spellcasting
 + Level 1.7 Conjurations
 * Level 3.5 Fire Magic


You had 5 spell levels left.
You knew the following spells:

 Your Spells              Type           Power      Damage    Failure   Level
a - Foxfire               Conj/Fire      52%        2x1d6     8%          1

Your spell library contained the following spells:

 Spells                   Type           Power      Damage    Failure   Level
 Conjure Flame            Conj/Fire      13%        6-21      22%         3
 Inner Flame              Hex/Fire       9%         N/A       32%         3
 Sticky Flame             Conj/Fire      13%        2d4       58%         4
 Fireball                 Conj/Fire      6%         3d5       91%         5


Dungeon Overview and Level Annotations

Branches:
Dungeon (3/15)

Annotations:
D:3 Ijyb


Innate Abilities, Weirdness & Mutations

Your attributes grow dramatically as you level up.
You have an increased reservoir of magic. (+10% MP)
You shall have no god before yourself.


Message History

Here: Ijyb, wielding a +0 dagger, wearing a +0 leather armour and carrying a wand of charming (6)
The floor.
Unknown command.
Unknown command.
You closely miss Ijyb. Ijyb hits you with a +0 dagger.
You hit Ijyb.
Ijyb is lightly wounded.
Ijyb screams, "You nasty!
Big nasty!"
Ijyb hits you with a +0 dagger.
You feel less confused.
Ijyb zaps a wand.
Your will is overpowered!
You are confused.
You're too confused to move!
Ijyb zaps a wand.
You resist with some effort.
Ijyb zaps a wand.
Your will is overpowered!
You are more confused.
You miss Ijyb.
Ijyb is lightly wounded.
Ijyb closely misses you.
You closely miss Ijyb.
Ijyb is lightly wounded.
Ijyb hits you with a +0 dagger.
You bump into the rock wall.
Ijyb hits you with a +0 dagger.
You're too confused to move!
Ijyb zaps a wand.
Your will is overpowered!
You are more confused.
Ijyb zaps a wand.
Your will is overpowered!
You are more confused.
You aren't carrying any potions.
Ijyb zaps a wand.
Your will is overpowered!
You are more confused.
The now-empty wand crumbles to dust.
Ijyb completely misses you. Ijyb closely misses you.
Ijyb hits you with a +0 dagger.
You bump into the rock wall.
Ijyb hits you with a +0 dagger.
* * * LOW HITPOINT WARNING * * *
There is an open door here.
You bump into the rock wall.
Ijyb hits you with a +0 dagger.
* * * LOW HITPOINT WARNING * * *
You bump into the rock wall.
Ijyb hits you with a +0 dagger!
You die...

#........#
#........#
##........#
#...)....)#
#.........#
#......####
###'#### #g# #@#
####'#######
#..........#
#..........########
#..........'......#
#..........######.#
#..........# #.#
#..........# #.#
#..........# #.#


You could see Ijyb.

Vanquished Creatures
  An adder (D:2)
  An ooze (D:1)
  A worm (D:2)
  A dart slug (D:2)
  A leopard gecko (D:1)
  A ball python (D:2)
  A giant cockroach (D:2)
  4 goblins (D:1)
  2 hobgoblins
  8 jackals
  6 kobolds
  7 bats
  A frilled lizard (D:2)
  4 rats
39 creatures vanquished.

Vanquished Creatures (others)
  146 foxfires
146 creatures vanquished.

Grand Total: 185 creatures vanquished

Notes
Turn   | Place    | Note
-------+----------+-------------------------------------------
     0 | D:1      | ReteAZ the Demigod Fire Elementalist began the quest for
                  | the Orb.
     0 | D:1      | Reached XP level 1. HP: 14/14 MP: 5/5
   178 | D:1      | Reached skill level 1 in Conjurations
   417 | D:1      | Reached skill level 3 in Fire Magic
   506 | D:1      | Reached XP level 2. HP: 16/20 MP: 5/7
  1386 | D:2      | Reached XP level 3. HP: 26/26 MP: 5/8
  2504 | D:3      | Noticed Ijyb
  2535 | D:3      | HP: 1/26 [Ijyb/+0 dagger (4)]
  2536 | D:3      | Mangled by Ijyb

Illustrated notes

Levels and vault maps discovered:
D:1:      psy_arrival_dodecagon, layout_loops_ring
D:2:      layout_basic, hangedman_decor_opposing, kennysheep_generic_room_10
D:3:      layout_basic, chequers_ecumenical_altar_twisty, uniq_ijyb

Skill      XL: |  1 |
---------------+----+-----
Conjurations   | 1 |  1.7
Fire Magic     | 3 |  3.5
Spellcasting   | 2 |  2.3
Dodging        | |  1.7
Stealth        | |  1.7
Shields        | |  0.4

Action                   || total
-------------------------++-------
Melee: Short sword       ||    47
 Cast: Foxfire           ||    94
Armor: Robe              ||    15
Dodge: Dodged            ||    53
Block: Buckler           ||     3

Table legend: (Time is in decaauts)
 A = Elapsed time spent in this place.
 B = Non-inter-level travel time spent in this place.
 C = Inter-level travel time spent in this place.
 D = Time resting spent in this place.
 E = Time spent auto-exploring this place.
 F = Levels seen in this place.
 G = Mean time per level.
                   A        B        C        D        E       F      G
               +--------+--------+--------+--------+--------+-----+--------+
         Total |   2541 |   2515 |     26 |    199 |   1977 |   3 |  847.0 |
       Dungeon |   2541 |   2515 |     26 |    199 |   1977 |   3 |  847.0 |
               +--------+--------+--------+--------+--------+-----+--------+

Top non-repeatable levels by time:
     D:1: 1385 daAuts
     D:2: 1080 daAuts
     D:3: 75 daAuts
